 Dungeon Crawl Stone Soup version 0.26-a0-639-g72c4674329 (webtiles) character file.

Game seed: 10647093802777600251

532 Flugslaktarn the Skirmisher (level 7, 0/63 HPs)
             Began as a Minotaur Fighter on Sept 18, 2020.
             Was a Follower of Makhleb.
             Succumbed to a gnoll's poison
             ... on level 5 of the Dungeon.
             The game lasted 00:00:56 (2170 turns).

Flugslaktarn the Skirmisher (Minotaur Fighter)      Turns: 2170, Time: 00:00:56

Health: 0/63       AC:  7    Str: 23    XL:     7   Next: 4%
Magic:  7/7        EV:  7    Int:  5    God:    Makhleb [*.....]
Gold:   52         SH: 10    Dex:  9    Spells: 6/6 levels left

rFire    . . .     SeeInvis .   a - +0 war axe
rCold    . . .     Faith    .   c - +0 kite shield
rNeg     . . .     Spirit   .   b - +0 scale mail
rPois    .         Reflect  .   (helmet restricted)
rElec    .         Harm     .   (no cloak)
rCorr    .         Rampage  .   (no gloves)
MR       .....                  (no boots)
Stlth    ..........             (no amulet)
HPRegen  0.20/turn              (no ring)
MPRegen  0.10/turn              (no ring)

@: lethally poisoned (0 -> -5), berserk cooldown, hasted and slowed
A: retaliatory headbutt, horns 2
a: Renounce Religion


You were on level 5 of the Dungeon.
You worshipped Makhleb.
Makhleb was aware of your devotion.
You visited 2 branches of the dungeon, and saw 6 of its levels.

You collected 52 gold pieces.

Inventory:

Hand Weapons
 a - a +0 war axe (weapon)
Armour
 b - a +0 scale mail (worn)
 c - a +0 kite shield (worn)
Jewellery
 m - an uncursed ring of protection from cold {unknown}
   (You found it on level 4 of the Dungeon)
Scrolls
 e - a scroll of fear {unknown}
 f - 4 scrolls of remove curse {unknown}
 k - 2 scrolls of identify {unknown}
 l - a scroll of noise {unknown}
 n - a scroll of fog {unknown}
Potions
 d - 2 potions of might
 h - a potion of degeneration {unknown}
 i - a potion of cancellation {unknown}
 o - a potion of curing {unknown}


   Skills:
 * Level 6.1 Fighting
 * Level 5.4 Axes
 + Level 5.1 Armour
 + Level 5.0 Shields
 + Level 1.7 Invocations


You had 6 spell levels left.
You didn't know any spells.
Your spell library was empty.

Dungeon Overview and Level Annotations

Branches:
Dungeon (5/15)             Temple (1/1) D:4

Altars:
Cheibriados
Dithmenos
Fedhas
Gozag
Kikubaaqudgha
Makhleb
Nemelex Xobeh
Okawaru
Ru
Sif Muna
Uskayaw
Vehumet
Xom
Yredelemnul
Zin

Annotations:
D:4 1 runed translucent door, Borgoz's ghost, novice GrBe
D:5 3 runed translucent doors


Innate Abilities, Weirdness & Mutations

You reflexively headbutt those who attack you in melee.
You have a pair of horns on your head.


Message History

* * * LOW HITPOINT WARNING * * *
* * * LOW HITPOINT WARNING * * *
You feel sick.
Unknown command.
It was a potion of berserk rage.
A red film seems to cover your vision as you go berserk!
You feel yourself moving faster!
You feel mighty!
* * * LOW HITPOINT WARNING * * *
You feel sick.
You feel a strong urge to attack something.
Things that are here:
a +0 club; a gnoll corpse
* * * LOW HITPOINT WARNING * * *
You feel sick.
There is an open door here.
You feel your anger nearly subside.
You are no longer berserk.
You are exhausted.
You feel yourself slow down.
You die...

......#...##...##....#g...#
.....##+####'####...).#
.....##...##...#...).g#
......#........#......#
......#........#..g...#
......#........#..)..##
#....########'####'###...
#....#..........†.........
#..#+#..........@.........
#.........................
#.........................
#.........................
..........................
......#####...............
#.....# #.........>.######
#.....# #...........#....#
#.....# #############....#


You could see a gnoll.

Vanquished Creatures
  An ogre (D:4)
  A phantom (D:5)
  3 hounds
  A centaur skeleton (D:4)
  An orc wizard (D:5)
  An iguana (D:4)
  3 worker ants
  A howler monkey skeleton (D:4)
  7 gnolls
  An ooze (D:5)
  4 orcs
  2 giant cockroaches (D:1)
  A goblin (D:1)
  2 hobgoblins
  10 jackals
  A frilled lizard (D:4)
  A kobold (D:3)
  A leopard gecko skeleton (D:4)
  A quokka skeleton (D:5)
  2 rats
45 creatures vanquished.

Notes
Turn   | Place    | Note
-------+----------+-------------------------------------------
     0 | D:1      | Flugslaktarn the Minotaur Fighter began the quest for the
                  | Orb.
     0 | D:1      | Reached XP level 1. HP: 19/19 MP: 0/0
   227 | D:3      | Reached XP level 2. HP: 27/27 MP: 1/1
   241 | D:3      | Found a radiant altar of Vehumet.
   328 | D:4      | Reached skill level 4 in Fighting
   328 | D:4      | Reached XP level 3. HP: 33/33 MP: 2/2
   475 | D:4      | Found a staircase to the Ecumenical Temple.
   497 | D:4      | Noticed an ogre
   502 | D:4      | Killed an ogre
   502 | D:4      | Reached XP level 4. HP: 29/41 MP: 3/3
   610 | Temple   | Entered the Ecumenical Temple
   701 | Temple   | Became a worshipper of Makhleb the Destroyer
   781 | D:4      | Reached skill level 5 in Fighting
   781 | D:4      | Reached XP level 5. HP: 36/48 MP: 4/4
  1428 | D:4      | Noticed Borgoz's ghost (novice GrBe)
  1429 | D:4      | Found a runed translucent door.
  1438 | D:4      | Reached skill level 1 in Invocations
  1438 | D:4      | Reached XP level 6. HP: 43/56 MP: 5/5
  1745 | D:5      | Entered Level 5 of the Dungeon
  1793 | D:5      | Reached skill level 5 in Axes
  1893 | D:5      | Found a basalt altar of Yredelemnul.
  1946 | D:5      | Reached * piety under Makhleb
  2034 | D:5      | Found the +9 staff of Olgreb {rPois∞}
  2041 | D:5      | Found a runed translucent gate.
  2041 | D:5      | Found a runed translucent gate.
  2041 | D:5      | Noticed a water moccasin
  2041 | D:5      | Noticed a water moccasin
  2042 | D:5      | Found a runed translucent door.
  2095 | D:5      | Reached skill level 5 in Armour
  2129 | D:5      | Reached skill level 6 in Fighting
  2147 | D:5      | Reached XP level 7. HP: 63/63 MP: 7/7
  2155 | D:5      | Reached skill level 5 in Shields
  2163 | D:5      | HP: 2/63 [gnoll sergeant/+4 spear of flaming (5)]
  2168 | D:5      | HP: 1/94 [poisoned by a gnoll]
  2170 | D:5      | Succumbed to a gnoll's poison

Illustrated notes

Levels and vault maps discovered:
D:1:      dpeg_arrival_shrine, layout_basic
D:2:      layout_loops_cross, serial_co_window_serial, co_window_paths_a,
          co_window_corner_a, co_window_of_opportunity_a, co_window_paths_a,
          co_window_paths_b, co_window_unsneaky_path_d, co_window_cross_3,
          co_window_broadway_c, co_window_corner_b, co_window_of_opportunity_c,
          co_window_broadway_c
D:3:      layout_loops_ring, nicolae_overflow_crystal_walls, vehumet_crystals,
          gammafunk_ghost_nasty_kobolds
D:4:      layout_loops_corners, minmay_temple_entry_fiery,
          hellmonk_ghost_happy_afterlife
D:5:      layout_gridville, lemuel_doored_altar,
          minmay_guarded_unrand_staff_of_olgreb
Temple:   eino_temple_rhombus

Skill      XL: |  1  2  3  4  5  6  7 |
---------------+----------------------+-----
Fighting       | 4 5 6 |  6.1
Axes           | 3 4 5 |  5.4
Armour         | 4 5 |  5.1
Shields        | 4 5 |  5.0
Invocations    | 1 |  1.7

Action                   |  1- 3 |  4- 6 |  7- 9 || total
-------------------------+-------+-------+-------++-------
Melee: War axe           |    29 |    81 |     9 ||   119
       Headbutt          |     4 |     9 |     3 ||    16
  Use: Potion            |       |       |     2 ||     2
Armor: Scale mail        |     7 |    35 |     2 ||    44
Dodge: Dodged            |     8 |    25 |     3 ||    36
Block: Kite shield       |    17 |    43 |     7 ||    67

Table legend: (Time is in decaauts)
 A = Elapsed time spent in this place.
 B = Non-inter-level travel time spent in this place.
 C = Inter-level travel time spent in this place.
 D = Time resting spent in this place.
 E = Time spent auto-exploring this place.
 F = Levels seen in this place.
 G = Mean time per level.
                   A        B        C        D        E       F      G
               +--------+--------+--------+--------+--------+-----+--------+
         Total |   2210 |   2070 |    140 |     84 |   1726 |   6 |  368.3 |
       Dungeon |   2109 |   1996 |    113 |     84 |   1655 |   5 |  421.8 |
        Temple |    101 |     74 |     27 |      0 |     71 |   1 |  101.0 |
               +--------+--------+--------+--------+--------+-----+--------+

Top non-repeatable levels by time:
     D:4: 1342 daAuts
     D:5: 435 daAuts
     D:1: 218 daAuts
     D:3: 104 daAuts
  Temple: 101 daAuts
     D:2: 8 daAuts
